 Dungeon Crawl Stone Soup version 0.29-a0-284-gf9362112df (webtiles) character file.

Game seed: 14818023263796289183

224 sokol815 the Chopper (level 5, -1/41 HPs)
             Began as a Demonspawn Monk on Mar 23, 2022.
             Slain by a gnoll
             ... wielding a +0 spear
              (2 damage)
             ... on level 3 of the Dungeon.
             The game lasted 00:04:21 (3351 turns).

sokol815 the Chopper (Demonspawn Monk)              Turns: 3351, Time: 00:04:21

Health: -1/41      AC:  9    Str: 14    XL:     5   Next: 67%
Magic:  5/5        EV:  6    Int: 11    God:
Gold:   56         SH:  0    Dex: 15    Spells: 4/4 levels left

rFire   . . .      SeeInvis .   a - +0 hand axe
rCold   . . .      Faith    .   (no shield)
rNeg    . . .      Spirit   .   d - +1 chain mail
rPois   .          Reflect  .   (helmet restricted)
rElec   .          Harm     .   (no cloak)
rCorr   +          Rampage  .   (no gloves)
Will    .....                   (no boots)
Stlth   ..........              (no amulet)
HPRegen 0.13/turn               X - ring of resist corrosion
MPRegen 0.09/turn               (no ring)

@: no status effects
A: horns 1, spiny 1, demonic magic 1
a: no special abilities


You were on level 3 of the Dungeon.
You visited 1 branch of the dungeon, and saw 3 of its levels.

You collected 56 gold pieces.

Inventory:

Hand Weapons
 a - a +0 hand axe (weapon)
 j - a +0 dagger of venom
   (You took it off a goblin on level 2 of the Dungeon)
Missiles
 s - 93 stones
Armour
 b - a +0 robe
 d - a +1 chain mail (worn)
   (You found it on level 1 of the Dungeon)
Magical Staves
 m - a staff of poison {rPois}
   (You found it on level 2 of the Dungeon)
Jewellery
 f - a ring of fire {rF+, rC-}
   (You found it on level 2 of the Dungeon)
 X - a ring of resist corrosion (left hand)
   (You found it on level 2 of the Dungeon)
Wands
 q - a wand of flame (18)
   (You took it off Natasha on level 2 of the Dungeon)
Scrolls
 g - a scroll of brand weapon {unknown}
 h - a scroll of identify {unknown}
 Y - 2 scrolls of teleportation {@r3}
Potions
 c - 3 potions of curing {unknown}
 e - a potion of degeneration {unknown}
 i - 2 potions of mutation {unknown}
 k - a potion of flight {unknown}
 l - a potion of might {unknown}
 n - a potion of heal wounds {unknown}


   Skills:
 - Level 3.0 Fighting
 + Level 5.9 Axes
 - Level 2.6 Dodging
 - Level 1.7 Stealth


You had 4 spell levels left.
You didn't know any spells.
Your spell library was empty.

Dungeon Overview and Level Annotations

Branches:
Dungeon (3/15)

Altars:
Sif Muna


Innate Abilities, Weirdness & Mutations

You have a pair of small horns on your head.
You are partially covered in sharp spines.
Spells you cast may paralyse adjacent enemies.


Message History

An iguana comes into view.
The iguana hisses angrily.
There is a shaft here.
Health restored: 41 The iguana bites you.
You take 2 damage, and have 39/41 hp.
You hit the iguana but do no damage. The iguana bites you.
You take 2 damage, and have 37/41 hp.
You hit the iguana but do no damage. Your headbutt misses the iguana.
The iguana bites you but does no damage.
You hit the iguana. Your headbutt misses the iguana.
The iguana bites you but does no damage.
You hit the iguana. The iguana bites you!
You take 9 damage, and have 28/41 hp.
MASSIVE DAMAGE!!
You hit the iguana.
You headbutt the iguana, but do no damage.
The iguana closely misses you.
You hit the iguana. You headbutt the iguana. The iguana bites you.
You take 4 damage, and have 24/41 hp.
You are too injured to fight recklessly!
You are too injured to fight recklessly!
You hit the iguana. The iguana is struck by your spines.
The iguana barely misses you.
You hit the iguana.
You kill the iguana!
You see here an iguana corpse.
You start resting.
Health restored: 41 You see here an iguana corpse.
There is a shaft here.
An adder comes into view.
The adder hisses angrily.
You hear a shout!
A hobgoblin comes into view.
You hit the adder. Your headbutt misses the adder.
The adder is struck by your spines. The adder bites you but does no damage.
You hit the adder. The adder closely misses you. The adder bites you.
You take 1 damage, and have 40/41 hp.
You closely miss the adder. The adder is struck by your spines.
You kill the adder!
The hobgoblin hits you but does no damage.
You hit the hobgoblin. Your headbutt misses the hobgoblin.
The hobgoblin is struck by your spines.
The hobgoblin hits you but does no damage.
You barely miss the hobgoblin. Your headbutt misses the hobgoblin.
The hobgoblin hits you but does no damage.
You hit the hobgoblin.
You kill the hobgoblin!
No target in view!
Unknown command.
A goblin comes into view. It is wielding a +0 club.
The goblin moves out of view.
Health restored: 41
Found a stone staircase leading up.
You miss the goblin. You headbutt the goblin.
You kill the goblin!
No target in view!
No target in view! 2 gnolls and a goblin come into view.
The gnoll shouts!
The goblin shouts!
You hear a shout!
The goblin unwields a +0 dagger.
The goblin wields a +0 hunting sling.
The goblin shoots a sling bullet.
The sling bullet barely misses you.
Things that are here:
a +0 club; a goblin corpse A gnoll comes into view.
It is wielding a +0 spear.
The goblin shoots a sling bullet.
The sling bullet barely misses you. The gnoll barely misses you.
The gnoll is struck by your spines. The gnoll barely misses you.
You hit the gnoll. The gnoll hits you but does no damage.
The gnoll closely misses you. The gnoll is struck by your spines.
The gnoll barely misses you. The gnoll is struck by your spines.
The gnoll hits you with a +0 spear. The gnoll is struck by your spines.
The gnoll hits you with a +0 whip.
The goblin shoots a sling bullet.
The sling bullet hits you.
You take 7 damage, and have 34/41 hp.
You barely miss the gnoll. You hit the gnoll. x2
The gnoll hits you with a +0 spear! The gnoll hits you but does no damage.
The gnoll hits you with a +0 whip.
The goblin shoots a sling bullet.
The sling bullet closely misses you.
You take 11 damage, and have 23/41 hp.
MASSIVE DAMAGE!!
You barely miss the gnoll. You hit the gnoll. x2
The gnoll hits you with a +0 spear. x2; The gnoll hits you with a +0 whip.
* * * LOW HITPOINT WARNING * * *
The goblin shoots a sling bullet.
The sling bullet barely misses you.
You take 11 damage, and have 12/41 hp.
MASSIVE DAMAGE!!
You hit the gnoll. x2; You hit the gnoll but do no damage.
A dart slug comes into view.
The gnoll is struck by your spines.
You kill the gnoll!
The gnoll hits you but does no damage. x2; The goblin shoots a sling bullet.
The sling bullet hits you.
* * * LOW HITPOINT WARNING * * *
You take 5 damage, and have 7/41 hp.
Unknown command.
You closely miss the gnoll. x2; The gnoll hits you with a +0 whip.
* * * LOW HITPOINT WARNING * * *
The gnoll is struck by your spines. The gnoll hits you with a +0 spear.
You die...

#.....(..w.
..........
..........
#....... #......
#.<..##
###..)..##
#..g@g...#
#........##
#...........
####
##.........##
#...
##.)....g.###
#....
##..........#
#....
####..##.......#
####....
#.....##.......#
##..#####
#.....###.....##
#..####..


You could see 2 gnolls, a dart slug and a goblin.

Vanquished Creatures
  An iguana (D:3)
  Natasha (thrice) (D:2)
  4 adders
  A gnoll (D:3)
  6 worms
  A dart slug (D:1)
  7 endoplasms (D:1)
  4 giant cockroaches (D:1)
  5 goblins
  6 hobgoblins
  2 jackals (D:3)
  3 kobolds
  2 quokkas
  9 ball pythons
  3 bats
  A frilled lizard (D:1)
  7 rats
65 creatures vanquished.

Notes
Turn   | Place    | Note
-------+----------+-------------------------------------------
     0 | D:1      | sokol815 the Demonspawn Monk began the quest for the Orb.
     0 | D:1      | Reached XP level 1. HP: 18/18 MP: 1/1
   137 | D:1      | Reached skill level 3 in Axes
   357 | D:1      | Gained mutation: You have a pair of small horns on your
                  | head. [demonic ancestry]
   357 | D:1      | Reached XP level 2. HP: 23/24 MP: 2/2
   930 | D:1      | Reached XP level 3. HP: 22/29 MP: 3/3
  1166 | D:1      | Reached skill level 4 in Axes
  1725 | D:2      | Noticed Natasha
  1732 | D:2      | HP: 4/29 [Natasha (5)]
  1743 | D:2      | Killed Natasha
  1744 | D:2      | Gained mutation: You are partially covered in sharp spines.
                  | [demonic ancestry]
  1744 | D:2      | Reached XP level 4. HP: 15/35 MP: 4/4
  2298 | D:2      | Noticed Natasha
  2304 | D:2      | Killed Natasha
  2305 | D:2      | Reached skill level 5 in Axes
  2482 | D:2      | Found a shimmering blue altar of Sif Muna.
  2697 | D:2      | Noticed Natasha
  2700 | D:2      | Killed Natasha
  2701 | D:2      | Gained mutation: Spells you cast may paralyse adjacent
                  | enemies. [demonic ancestry]
  2701 | D:2      | Reached XP level 5. HP: 39/41 MP: 5/5
  3350 | D:3      | HP: 7/41 [goblin/sling bullet (5)]
  3351 | D:3      | HP: 1/41 [gnoll/+0 whip (6)]
  3351 | D:3      | Slain by a gnoll

Illustrated notes

Levels and vault maps discovered:
D:1:      dpeg_arrival_solitude, layout_loops_corners, minmay_worlds_worst_comb
D:2:      layout_basic, basic_altar, minmay_misc_feat_tower,
          kennysheep_generic_room_7, uniq_natasha
D:3:      layout_rooms, nicolae_wormholes

Skill      XL: |  1  2  3  4 |
---------------+-------------+-----
Axes           | 3 4 5 |  5.9
Fighting       | |  3.0
Dodging        | |  2.6
Stealth        | |  1.7

Action                   |  1- 3 |  4- 6 || total
-------------------------+-------+-------++-------
Melee: Hand axe          |    89 |    65 ||   154
       Punch             |     1 |       ||     1
       Headbutt          |    17 |    17 ||    34
Throw: Stone             |    92 |       ||    92
  Use: Scroll            |     3 |       ||     3
       Potion            |     1 |       ||     1
Armor: Chain mail        |    32 |    33 ||    65
       Robe              |     2 |       ||     2
Dodge: Dodged            |    25 |    26 ||    51

Table legend: (Time is in decaauts)
 A = Elapsed time spent in this place.
 B = Non-inter-level travel time spent in this place.
 C = Inter-level travel time spent in this place.
 D = Time resting spent in this place.
 E = Time spent auto-exploring this place.
 F = Levels seen in this place.
 G = Mean time per level.
                   A        B        C        D        E       F      G
               +--------+--------+--------+--------+--------+-----+--------+
         Total |   3381 |   3309 |     72 |    439 |   2406 |   3 | 1127.0 |
       Dungeon |   3381 |   3309 |     72 |    439 |   2406 |   3 | 1127.0 |
               +--------+--------+--------+--------+--------+-----+--------+

Top non-repeatable levels by time:
     D:2: 1675 daAuts
     D:1: 1441 daAuts
     D:3: 264 daAuts

Table legend:
 A = Kills in this place as a percentage of kills in entire the game.
 B = Kills by you in this place as a percentage of kills by you in the entire game.
 C = Kills by friends in this place as a percentage of kills by friends in the entire game.
 D = Other kills in this place as a percentage of other kills in the entire game.
 E = Experience gained in this place as a percentage of experience gained in the entire game.
 F = Experience gained in this place divided by the number of levels of this place that you have seen.
                   A       B       C       D       E      F
               +-------+-------+-------+-------+-------+----------------------
         Total | 100.0 | 100.0 |   N/A |   N/A | 100.0 | 106.7
       Dungeon | 100.0 | 100.0 |   N/A |   N/A | 100.0 | 106.7
               +-------+-------+-------+-------+-------+----------------------
